 Dungeon Crawl Stone Soup version 0.21-a0-273-g0785366 (webtiles) character file.

408 Lavandula the Ruffian (level 6, -2/52 HPs)
             Began as a Ghoul Warper on Sept 16, 2017.
             Slain by an orc
             ... wielding a +0 short sword
              (4 damage)
             ... on level 4 of the Dungeon.
             The game lasted 00:11:49 (1784 turns).

Lavandula the Ruffian (Ghoul Warper)                Turns: 1784, Time: 00:11:50

Health: -2/52      AC:  3    Str: 20 (21) XL:     6   Next: 88%
Magic:  0/7        EV: 11    Int: 10 (13) God:
Gold:   144        SH:  0    Dex:  8 (9)  Spells: 4/8 levels left

rFire    . . .     SeeInvis .     - Unarmed
rCold    + . .     Gourm    .   (no shield)
rNeg     + + +     Faith    .   a - +0 leather armour
rPois    ∞         Spirit   .   (no helmet)
rElec    .         Reflect  .   (no cloak)
rCorr    .         Harm     .   (no gloves)
MR       .....                  (no boots)
Stlth    +.........             (no amulet)
HPRegen  0.00/turn              (no ring)
MPRegen  0.10/turn              (no ring)

@: mighty, brilliant, flying, very slightly contaminated, rotting
A: rotting body, claws 1, carnivore 3, cold resistance 1, negative energy
resistance 3, inhibited regeneration, torment resistance, unbreathing
a: no special abilities


You were on level 4 of the Dungeon.
You were not hungry.

You visited 1 branch of the dungeon, and saw 5 of its levels.

You collected 144 gold pieces.

Inventory:

Hand Weapons
 s - a +0 trident
Missiles
 d - 5 tomahawks of dispersal (quivered)
 r - a throwing net
Armour
 a - a +0 leather armour (worn)
Scrolls
 c - a scroll of blinking
 g - a scroll of identify
 j - a scroll of teleportation {unknown}
 n - a scroll of remove curse {unknown}
 p - 2 scrolls of recharging
 q - a scroll of enchant armour {unknown}
Books
 b - a book of Spatial Translocations

   Spells                             Type                      Level
   a - Blink                          Translocation                2
   b - Shroud of Golubria             Charms/Translocation         2
   c - Lesser Beckoning               Translocation                3
   d - Gell's Gravitas                Translocation                3
   e - Teleport Other                 Translocation                3
   f - Passage of Golubria            Translocation                4
Comestibles
 f - a meat ration


   Skills:
 + Level 4.0 Fighting
 - Level 0.8 Throwing
 - Level 0.8 Armour
 - Level 1.7 Dodging
 - Level 7.0 Unarmed Combat
 - Level 1.7 Spellcasting
 - Level 2.6 Translocations


You had 4 spell levels left.
You knew the following spells:

 Your Spells              Type           Power        Failure   Level  Hunger
a - Blink                 Tloc           N/A          2%          2    ###....
b - Shroud of Golubria    Chrm/Tloc      #.........   4%          2    ###....


Dungeon Overview and Level Annotations

Branches:
Dungeon (5/15)
 Temple: D:4-7

Altars:
Xom
Yredelemnul

Annotations:
D:3 Sigmund


Innate Abilities, Weirdness & Mutations

Your body is rotting away.
You thrive on raw meat.
You are immune to poison.
You have sharp fingernails.
You are carnivorous and can eat meat at any time.
Your flesh is cold resistant. (rC+)
You are immune to negative energy. (rN+++)
You do not regenerate when monsters are visible.
You are immune to unholy pain and torment.
You can survive without breathing.


Message History

Unknown command.
It was a potion of degeneration.
There was something very wrong with that liquid.
You feel weakened.
You feel dopey.
You feel clumsy. The killer bee barely misses you.
The orc hits you with a short sword.
* * * LOW HITPOINT WARNING * * *
The killer bee barely misses you.
Unknown command.
Casting: Shroud of Golubria
Confirm with . or Enter, or press ? or * to list all spells.
You blink.
You barely miss the killer bee.
The killer bee is moderately wounded.
The killer bee closely misses you. The killer bee misses you.
You miss the killer bee.
The killer bee is moderately wounded.
The killer bee stings you!
* * * LOW HITPOINT WARNING * * *
The orc hits you with a short sword.
You die...

## ############# .##
###........#..### >.#
##...............#
..#
#........o.......#
..#
#.......@y.......#
..#
##..>.............#
..#
#.................##
..#
#..................#
..#
#..................##
..#
#...................#
..#
##..................#
..#
###................#
..#
#####............#


You could see a killer bee and an orc.

Vanquished Creatures
  An ogre (D:4)
  A scorpion (D:4)
  A bullfrog skeleton (D:4)
  2 worker ants (D:4)
  An iguana (D:4)
  2 gnolls (D:2)
  5 adders
  An ooze (D:4)
  3 worms
  2 dart slugs
  3 leopard geckos
  7 orcs
  3 giant cockroaches
  9 hobgoblins
  14 jackals
  2 quokkas
  4 bats
  2 frilled lizards
  6 goblins
  8 kobolds
  A leopard gecko skeleton (D:4)
  7 rats
  A spectral orc (D:3)
86 creatures vanquished.

Notes
Turn   | Place    | Note
-------+----------+-------------------------------------------
     0 | D:1      | Lavandula the Ghoul Warper began the quest for the Orb.
     0 | D:1      | Reached XP level 1. HP: 17/17 MP: 2/2
    88 | D:1      | Reached skill level 3 in Unarmed Combat
    88 | D:1      | Reached XP level 2. HP: 10/23 MP: 3/3
   113 | D:1      | Learned a level 2 spell: Blink
   116 | D:1      | Learned a level 2 spell: Shroud of Golubria
   265 | D:2      | Reached XP level 3. HP: 26/29 MP: 4/4
   288 | D:2      | Reached skill level 4 in Unarmed Combat
   506 | D:2      | Reached XP level 4. HP: 11/36 MP: 0/5
   578 | D:1      | Reached skill level 5 in Unarmed Combat
   968 | D:3      | Reached XP level 5. HP: 38/41 MP: 6/6
  1023 | D:3      | Found a basalt altar of Yredelemnul.
  1272 | D:4      | Noticed an ogre
  1281 | D:4      | Killed an ogre
  1281 | D:4      | Reached skill level 6 in Unarmed Combat
  1365 | D:4      | Reached XP level 6. HP: 37/47 MP: 4/7
  1430 | D:3      | Found a shimmering altar of Xom.
  1433 | D:3      | Found a shimmering altar of Xom.
  1433 | D:3      | Noticed Sigmund
  1434 | D:3      | Found a shimmering altar of Xom.
  1442 | D:3      | Found a shimmering altar of Xom.
  1475 | D:4      | Reached skill level 7 in Unarmed Combat
  1555 | D:5      | Entered Level 5 of the Dungeon
  1784 | D:4      | HP: 2/52 [killer bee (8)]
  1784 | D:4      | Slain by an orc

Vault maps used:
D:1:      dpeg_arrival_lava_altar
D:2:      guppyfry_early_orc_mine
D:3:      yredelemnul_forgotten_temple_becter, first_bread, xom_redecorated,
          uniq_sigmund
D:4:      lemuel_round_altar
D:5:      lemuel_coloured_pillars_altar, minmay_temple_entry_statues_pillars

Skill      XL: |  1  2  3  4  5  6 |
---------------+-------------------+-----
Unarmed Combat | 3 4 5 6 7 |  7.0
Fighting       | 4 |  4.0
Throwing       | |  0.8
Armour         | |  0.8
Dodging        | |  1.7
Spellcasting   | |  1.7
Translocations | |  2.6

Action                   |  1- 3 |  4- 6 || total
-------------------------+-------+-------++-------
Melee: Unarmed           |   119 |   234 ||   353
       Punch             |     2 |     4 ||     6
 Cast: Shroud of Golubri |     4 |     9 ||    13
       Blink             |       |     2 ||     2
  Use: Potion            |       |     6 ||     6
       Scroll            |       |     2 ||     2
  Eat: Chunk             |    20 |    29 ||    49
Armor: Leather armour    |    35 |    40 ||    75
Dodge: Dodged            |    63 |   139 ||   202

Table legend:
 A = Spawn XP
 B = Non-spawn XP
 C = Spawn XP percentage of total XP
 D = Spawn monster count
 E = Non-spawn monster count
 F = Spawn count percentage of total count
 G = Total turns spent on level
                    A         B        C        D         E        F      G
               +---------+---------+-------+---------+---------+-------+---------
         Total |       0 |     583 |   0.0 |       0 |      86 |   0.0 |  1784
               +---------+---------+-------+---------+---------+-------+---------
           D:1 |       0 |      15 |   0.0 |       0 |       8 |   0.0 |   364
           D:2 |       0 |      95 |   0.0 |       0 |      21 |   0.0 |   383
           D:3 |       0 |      95 |   0.0 |       0 |      37 |   0.0 |   473
           D:4 |       0 |     377 |   0.0 |       0 |      19 |   0.0 |   553
           D:5 |       0 |       1 |   0.0 |       0 |       1 |   0.0 |    11
               +---------+---------+-------+---------+---------+-------+---------
